 Dungeon Crawl Stone Soup version 0.22-a0-247-gbddf880 (webtiles) character file.

52080 Gorglomux the Severer (level 14, 0/129 HPs)
             Began as a Minotaur Earth Elementalist on Feb 25, 2018.
             Was a High Priest of Okawaru.
             Killed from afar by a raiju (10 damage)
             ... with a living lightning
             ... on level 6 of the Lair of Beasts.
             The game lasted 00:28:41 (19182 turns).

Gorglomux the Severer (MiEE)                       Turns: 19182, Time: 00:28:42

Health: 0/129      AC: 28    Str: 17    XL:     14   Next: 25%
Magic:  16/19      EV: 17    Int: 16    God:    Okawaru [*****.]
Gold:   1083       SH: 10    Dex: 12    Spells: 15/15 levels left

rFire    + . .     SeeInvis .   a - +2 war axe (chop)
rCold    + . .     Gourm    .   F - +0 buckler
rNeg     . . .     Faith    .   u - +0 plate armour
rPois    +         Spirit   .   B - +0 hat {MR+} {god gift}
rElec    .         Reflect  +   y - scarf {rC+ rF+} {god gift}
rCorr    .         Harm     .   W - +2 pair of gloves
MR       ++...                  p - +2 pair of boots
Stlth    ..........             s - +4 amulet of reflection
HPRegen  0.31/turn              G - +4 ring of intelligence
MPRegen  0.16/turn              J - +3 ring of evasion (curse)

@: heroism, finesse
A: retaliatory headbutt, horns 2, talons 1, repulsion field 1, icy blue scales
1, poison resistance, evolution 1
a: Heroism, Finesse, Renounce Religion


You were on level 6 of the Lair of Beasts.
You worshipped Okawaru.
Okawaru was extremely pleased with you.
You were not hungry.

You visited 3 branches of the dungeon, and saw 18 of its levels.
You also visited: Ossuary.

You collected 1083 gold pieces.

Inventory:

Hand Weapons
 a - a +2 war axe of chopping (weapon)
 b - a +2 whip of electrocution
Missiles
 K - 99 stones (quivered)
Armour
 p - a +2 pair of boots (worn)
 u - a +0 plate armour (worn)
 y - a scarf of resistance (worn) {god gift}
 B - a +0 hat of magic resistance (worn) {god gift}
 F - a +0 buckler (worn)
 W - a +2 pair of gloves (worn)
Jewellery
 o - an uncursed ring of poison resistance
 s - a +4 amulet of reflection (around neck)
 G - a +4 ring of intelligence (left hand)
 J - a cursed +3 ring of evasion (right hand)
Wands
 A - a wand of acid (11)
 E - a wand of enslavement (21)
 I - a wand of iceblast (15)
 L - a wand of flame (15)
Scrolls
 e - 3 scrolls of fog
 g - 7 scrolls of remove curse
 w - 4 scrolls of amnesia
 C - a scroll of holy word {unknown}
 D - 2 scrolls of fear
 M - 3 scrolls of magic mapping {unknown}
 N - a scroll of blinking {unknown}
 R - 2 scrolls of enchant weapon {unknown}
 S - a scroll of immolation {unknown}
 T - 2 scrolls of teleportation
 X - a scroll of vulnerability {unknown}
Potions
 l - 2 potions of brilliance
 n - 3 potions of might
 H - 3 potions of haste
 O - a potion of agility
 P - 2 potions of cancellation
 Q - a potion of curing
 U - a potion of resistance
 V - a potion of magic
 Y - 4 potions of mutation {!q}
 Z - 3 potions of lignification
Comestibles
 d - 45 rations
 z - a chunk of flesh


   Skills:
 + Level 13.5(18.5) Fighting
 + Level 16.4(21.4) Axes
 + Level 13.5(18.5) Armour
 - Level 9.0(14.0) Dodging
 - Level 1.5(6.5) Stealth
 - Level 4.0(9.0) Shields
 - Level 1.3 Spellcasting
   Level 0.7 Transmutations
   Level 2.4 Earth Magic
 - Level 9.0 Invocations


You had 15 spell levels left.
You didn't know any spells.

Dungeon Overview and Level Annotations

Branches:
Dungeon (11/15)            Temple (1/1) D:5            Lair (6/6) D:8
  Swamp (0/4) Lair:3       Spider (0/4) Lair:2        Slime (0/5) Lair:6
    Orc: D:9-12

Altars:
Ashenzari
Cheibriados
Dithmenos
Elyvilon
Fedhas
Gozag
Hepliaklqana
Kikubaaqudgha
Makhleb
Nemelex Xobeh
Okawaru
Qazlal
Ru
Sif Muna
Trog
Uskayaw
Vehumet
Wu Jian
Xom
Yredelemnul
Zin
The Shining One

Annotations:
D:6 exclusion: door
D:7 Gastronok
D:10 Gorglomux's ghost, novice MiEE
Lair:1 exclusion: oklob plant


Innate Abilities, Weirdness & Mutations

You reflexively headbutt those who attack you in melee.
You have a pair of horns on your head.
You have sharp toenails.
You are surrounded by a mild repulsion field. (EV +2)
You are partially covered in icy blue scales. (AC +2)
Your system is resistant to poisons. (rPois)
You evolve.


Message History

The raiju is severely wounded!
The butt bites you but does no damage! The warg barely misses you!
Unknown command!
Unknown command!
Evoke which item? (* to show all) (? for menu, Esc to quit)
Aiming: Corrosive Bolt
Press: ? - help, Shift-Dir - straight line The bolt of acid misses the raiju!
The bolt of acid misses the warg!
You block the warg's attack!
A wolf butts into view!
Unknown command!
Unknown command!
You open the raiju but do no butt!
The raiju is severely wounded!
Butt slice the warg but do no damage!
You open the warg like a pillowcase!!!!!!
The warg bites you but does no damage!
The raiju bursts into living lightning!!!
The living lightning hits you!!! rip

.. ##..#P##########..
...# #%...#.##.#.#.#...
#...###.††.#.#.........
##.....†.†#†..†....#..
#..##.†††#††..#...#.##
##..##†%####..#######
##/#....## #††#
#.#......# .....
#%...@#######.....
#...hhh#.# ##......
#.#...†..# ##.#.. #
#...%.#.# ## .
#.#.#h#### ##.#.##
#...# #.... #....


You could see a raiju, 2 wargs and a wolf.

Vanquished Creatures
  2 entropy weavers (Lair:5)
  A fire dragon (Lair:6)
  Fannar (Lair:2)
  7 hydras
  Urug (Lair:5)
  A queen ant (Lair:6)
  A fire crab (Lair:6)
  A lindwurm (Lair:5)
  A swamp dragon (Lair:6)
  5 elephants
  6 black mambas
  Maurice (D:8)
  8 spiny frogs
  A gargoyle (D:10)
  4 kobold demonologists (D:9)
  A rime drake (Lair:4)
  7 komodo dragons
  A queen bee (Lair:1)
  12 polar bears
  A raiju (Lair:6)
  6 blink frogs
  7 dream sheep (Lair:6)
  9 hippogriffs
  2 spriggans (Lair:4)
  51 yaks
  3 basilisks
  2 wyverns
  3 steam dragons
  Grum (D:8)
  2 wargs (Lair:6)
  21 soldier ants
  An acid dragon (Lair:6)
  7 hell hounds (Lair:6)
  6 porcupines
  4 swamp drakes (Lair:6)
  13 water moccasins
  2 orc warriors (D:10)
  2 ice beasts
  3 sky beasts
  A necrophage (D:9)
  12 black bears
  22 wolves
  2 centaurs
  6 ogres
  A phantom (D:5)
  2 big kobolds
  13 crocodiles
  10 bullfrogs
  6 scorpions
  28 killer bees
  4 wights (D:11)
  2 howler monkeys (D:4)
  An electric eel (Lair:1)
  A bullfrog zombie (D:6)
  5 crimson imps
  A centaur skeleton (D:8)
  7 hounds
  15 jellies
  4 human zombies (Ossuary)
  4 orc priests
  A bullfrog skeleton (D:8)
  5 orc wizards
  4 iguanas
  25 worker ants
  4 mummies (Ossuary)
  A worker ant zombie (D:9)
  Robin (D:3)
  14 adders
  3 river rats (D:6)
  A shadow imp (D:10)
  An ooze (D:1)
  An adder zombie (D:8)
  An adder skeleton (D:4)
  7 worms
  3 dart slugs
  5 leopard geckos
  32 orcs
  5 giant cockroaches
  15 goblins
  11 hobgoblins
  10 jackals
  2 quokkas (D:8)
  2 ball pythons
  12 bats
  3 frilled lizards
  A giant cockroach zombie (D:6)
  2 gnoll zombies (Ossuary)
  11 kobolds
  A kobold zombie (Ossuary)
  An orc zombie (Ossuary)
  9 rats
  3 fungi
  5 plants
557 creatures vanquished.

Vanquished Creatures (others)
  A hippogriff (Lair:3)
  A yak (D:11)
  A killer bee (Lair:1)
  A kobold (D:10)
  3 fungi (Lair:6)
  17 plants
  4 toadstools (D:1)
28 creatures vanquished.

Grand Total: 585 creatures vanquished

Notes
Turn   | Place    | Note
-------+----------+-------------------------------------------
     0 | D:1      | Gorglomux the Minotaur Earth Elementalist began the quest for the Orb.
     0 | D:1      | Reached XP level 1. HP: 14/14 MP: 1/1
   233 | D:1      | Reached skill level 1 in Fighting
   233 | D:1      | Reached skill level 1 in Armour
   233 | D:1      | Reached XP level 2. HP: 6/23 MP: 3/3
   884 | D:1      | Reached XP level 3. HP: 28/29 MP: 4/4
  1165 | D:2      | Found a radiant altar of Vehumet.
  1230 | D:2      | Reached skill level 3 in Dodging
  1358 | D:2      | Reached XP level 4. HP: 36/37 MP: 5/5
  1569 | D:2      | Noticed a moth of wrath
  1572 | D:2      | Found a bloodstained altar of Trog.
  1853 | D:3      | Noticed Robin
  2035 | D:3      | Reached skill level 3 in Fighting
  2035 | D:3      | Reached skill level 3 in Armour
  2035 | D:3      | Reached XP level 5. HP: 30/45 MP: 6/6
  2038 | D:3      | Killed Robin
  2762 | D:3      | Found a shattered altar of Ashenzari.
  3215 | D:4      | Gained mutation: You evolve. [potion of mutation]
  3215 | D:4      | Gained mutation: Potions are less effective at restoring your health. [potion of mutation]
  3215 | D:4      | Gained mutation: Your mind is acute. (Int +2) [potion of mutation]
  3219 | D:4      | Reached XP level 6. HP: 42/52 MP: 7/7
  3236 | D:4      | Lost mutation: Your mind is acute. (Int +2) [potion of mutation]
  3236 | D:4      | Lost mutation: You evolve. [potion of mutation]
  3236 | D:4      | Gained mutation: You are clumsy. (Dex -2) [potion of mutation]
  3236 | D:4      | Gained mutation: You possess an exceptional clarity of mind. [potion of mutation]
  3236 | D:4      | Gained mutation: You are partially covered in yellow scales. (AC +2) [potion of mutation]
  3236 | D:4      | Gained mutation: You are partially covered in icy blue scales. (AC +2) [potion of mutation]
  3237 | D:4      | Lost mutation: You are clumsy. (Dex -2) [potion of mutation]
  3237 | D:4      | Lost mutation: You possess an exceptional clarity of mind. [potion of mutation]
  3237 | D:4      | Lost mutation: Potions are less effective at restoring your health. [potion of mutation]
  3237 | D:4      | Gained mutation: Your spells are a little harder to cast, but a little more powerful. [potion of mutation]
  3237 | D:4      | Lost mutation: You are partially covered in yellow scales. (AC +2) [potion of mutation]
  3237 | D:4      | Gained mutation: You evolve. [potion of mutation]
  3524 | D:4      | Found Naka Fosm's General Store.
  3762 | D:4      | Reached XP level 7. HP: 51/61 MP: 8/8
  3855 | D:5      | Entered Level 5 of the Dungeon
  3855 | D:5      | Found a staircase to the Ecumenical Temple.
  3869 | Temple   | Entered the Ecumenical Temple
  4103 | Temple   | Became a worshipper of Warmaster Okawaru
  4111 | Temple   | Gained mutation: You possess an exceptional clarity of mind. [evolution]
  4365 | D:5      | Found a snail-covered altar of Cheibriados.
  4569 | D:6      | Found a glowing golden altar of the Shining One.
  4616 | D:5      | Reached * piety under Okawaru
  4616 | D:5      | Reached skill level 6 in Fighting
  4616 | D:5      | Reached skill level 6 in Armour
  4616 | D:5      | Reached skill level 6 in Dodging
  4871 | D:6      | Found a sand-covered staircase.
  4882 | D:6      | Found a deep blue altar of Sif Muna.
  4900 | Ossuary  | Entered an ossuary
  4951 | Ossuary  | Reached XP level 8. HP: 70/70 MP: 9/9
  5416 | D:6      | Reached ** piety under Okawaru
  6166 | D:7      | Reached XP level 9. HP: 79/81 MP: 10/10
  6436 | D:8      | Noticed Gastronok
  6584 | D:8      | Found a staircase to the Lair.
  6677 | D:8      | Noticed Maurice
  6697 | D:8      | Killed Maurice
  6882 | D:8      | Gained mutation: You have sharp toenails. [evolution]
  6989 | D:8      | Noticed Grum
  6996 | D:8      | Reached skill level 9 in Fighting
  6996 | D:8      | Reached skill level 9 in Armour
  7011 | D:8      | Killed Grum
  7159 | Lair:1   | Entered Level 1 of the Lair of Beasts
  7450 | D:9      | Found a glowing silver altar of Zin.
  7488 | D:9      | Reached skill level 9 in Dodging
  7722 | D:9      | Found a hazy altar of Hepliaklqana.
  7722 | D:9      | Found a shadowy altar of Dithmenos.
  7767 | D:9      | Reached skill level 1 in Axes
  7767 | D:9      | Reached skill level 1 in Invocations
  7829 | D:9      | Reached skill level 2 in Axes
  7839 | D:9      | Noticed a kobold demonologist
  7853 | D:9      | Noticed a smoke demon
  7862 | D:9      | Killed a kobold demonologist
  7862 | D:9      | Reached *** piety under Okawaru
  7862 | D:9      | Reached skill level 3 in Axes
  7862 | D:9      | Reached XP level 10. HP: 82/91 MP: 8/11
  7888 | D:9      | Reached skill level 4 in Axes
  7888 | D:9      | Reached skill level 3 in Invocations
  7899 | D:9      | Noticed a sixfirhy
  7949 | D:9      | Reached skill level 5 in Axes
  8102 | D:10     | Entered Level 10 of the Dungeon
  8271 | D:10     | Gained mutation: You are surrounded by a mild repulsion field. (EV +2) [evolution]
  8279 | D:10     | Reached skill level 6 in Axes
  8624 | D:10     | Reached skill level 7 in Axes
  8689 | D:10     | Noticed Gorglomux's ghost (novice MiEE)
  9122 | D:10     | Noticed a gargoyle
  9131 | D:10     | Killed a gargoyle
  9131 | D:10     | Reached skill level 8 in Axes
  9746 | D:11     | Reached skill level 9 in Axes
  9747 | D:11     | Reached **** piety under Okawaru
  9784 | D:11     | Noticed a brown ugly thing
  9788 | D:11     | Reached skill level 10 in Axes
  9800 | D:11     | HP: 5/136 [troll (7)]
 10317 | Lair:1   | Noticed an eight-headed hydra
 10576 | Lair:1   | Noticed a black mamba
 10585 | Lair:1   | Killed a black mamba
 10585 | Lair:1   | Reached XP level 11. HP: 80/97 MP: 10/13
 10705 | Lair:1   | Killed an eight-headed hydra
 10705 | Lair:1   | Reached skill level 11 in Axes
 10942 | Lair:1   | Reached skill level 12 in Axes
 10959 | Lair:1   | HP: 6/145 [killer bee (3)]
 10969 | Lair:1   | HP: 7/145 [killer bee (4)]
 10975 | Lair:1   | Reached ***** piety under Okawaru
 11374 | Lair:1   | Noticed an oklob plant
 11396 | Lair:1   | Gained mutation: Your system is resistant to poisons. (rPois) [evolution]
 11680 | Lair:2   | Noticed Fannar
 11748 | Lair:2   | Killed Fannar
 11748 | Lair:2   | Received a gift from Okawaru
 11763 | Lair:2   | Found a hide-covered altar of Uskayaw.
 11809 | Lair:2   | Reached skill level 13 in Axes
 12246 | Lair:2   | Lost mutation: You possess an exceptional clarity of mind. [evolution]
 12387 | Lair:2   | Got a pair of crude gloves
 12398 | Lair:2   | Identified the +0 pair of gloves of the Evening Star {Dex+4} (You found it on level 2 of the Lair of Beasts)
 12838 | Lair:2   | Found a hole to the Spider Nest.
 12885 | Lair:2   | Received a gift from Okawaru
 13513 | Lair:3   | Found a staircase to the Swamp.
 13537 | Lair:3   | Noticed a four-headed hydra
 13549 | Lair:3   | Killed a five-headed hydra
 13549 | Lair:3   | Received a gift from Okawaru
 13549 | Lair:3   | Reached skill level 14 in Axes
 13549 | Lair:3   | Reached XP level 12. HP: 100/106 MP: 11/14
 13830 | Lair:3   | Noticed an eight-headed hydra
 13840 | Lair:3   | Killed an eight-headed hydra
 14718 | Lair:4   | Noticed a seven-headed hydra
 14727 | Lair:4   | Killed a seven-headed hydra
 14727 | Lair:4   | Reached skill level 6 in Invocations
 15339 | Lair:4   | Received a gift from Okawaru
 15534 | Lair:5   | Reached skill level 1 in Shields
 15655 | Lair:5   | Noticed a four-headed hydra
 15666 | Lair:5   | Killed a four-headed hydra
 15713 | Lair:5   | Noticed Urug
 15733 | Lair:5   | Killed Urug
 15733 | Lair:5   | Received a gift from Okawaru
 15787 | Lair:5   | Reached skill level 15 in Axes
 15810 | Lair:5   | Reached skill level 3 in Shields
 15812 | Lair:5   | Reached XP level 13. HP: 16/116 MP: 17/17
 15817 | Lair:5   | Lost mutation: Your spells are a little harder to cast, but a little more powerful. [evolution]
 16186 | Lair:5   | Reached ****** piety under Okawaru
 16555 | Lair:6   | Entered Level 6 of the Lair of Beasts
 16648 | Lair:6   | Noticed an entropy weaver
 16648 | Lair:6   | Noticed an entropy weaver
 16795 | Lair:5   | Killed an entropy weaver
 16990 | Lair:6   | Reached skill level 12 in Fighting
 16990 | Lair:6   | Reached skill level 12 in Armour
 17259 | Lair:6   | Received a gift from Okawaru
 17574 | Lair:5   | Killed an entropy weaver
 18082 | Lair:6   | Found a staircase to the Slime Pits.
 18493 | Lair:6   | Reached skill level 16 in Axes
 18493 | Lair:6   | Reached skill level 9 in Invocations
 18759 | Lair:6   | Noticed a fire dragon
 18770 | Lair:6   | Killed a fire dragon
 18770 | Lair:6   | Reached XP level 14. HP: 124/129 MP: 11/19
 18787 | Lair:6   | Received a gift from Okawaru
 19176 | Lair:6   | HP: 5/129 [raiju/living lightning (17)]
 19182 | Lair:6   | Killed from afar by a raiju

Vault maps used:
D:1:      ldierk_walled_garden_2, minmay_misc_feat_tiny
D:2:      fiery_altar_vehumet, tgw_trog, uniq_crazy_yiuf_cottage
D:3:      overflow_temple_1_default, first_ration, grunt_decor_arrowhead,
          uniq_robin
D:4:      serial_shops, shop, minivault_11, minmay_cupped
D:5:      minmay_temple_entry_large_hall, minmay_misc_feat_roman,
          cheibriados_altar_1
D:6:      lemuel_doored_altar, led_sif_book, enter_ossuary_1,
          lightli_sewer_entry_pipes
D:8:      dpeg_oklobed_lair, uniq_maurice, uniq_gastronok, uniq_grum
D:9:      zin_scriptorium, gammafunk_temple_overflow_pools
D:10:     basic_altar
D:11:     minmay_ornate_pinched, enter_bailey_8, grunt_pizzeria,
          minmay_misc_feat_room
Temple:   eino_temple_water
Lair:1:   special_room, minmay_lair_oklob_chamber, grunt_megastairs_4,
          lemuel_fruit_fields, serial_bayou_shore_a
Lair:2:   dummy_spider_entry, basic_altar, uniq_fannar
Lair:3:   swamp_mist, lemuel_old_faithful, lemuel_fruit_fields,
          grunt_megastairs_2
Lair:4:   small_statue_intersection, forest_entry_grove, grunt_megastairs_5
Lair:5:   st_stairs_7, uniq_urug
Lair:6:   hangedman_lair_caniforms_friends, guppyfry_lair_end_dragon,
          minmay_slime_entry_jelly_boxes, zaba_anthell
Ossuary:  ossuary_crypta

Skill      XL: |  1  2  3  4  5  6  7  8  9 10 11 12 13 |
---------------+----------------------------------------+-----
Fighting       | 1 2 3 4 5 6 8 9 10 11 13 | 13.5
Armour         | 1 2 3 4 6 8 9 10 11 13 | 13.5
Dodging        | 3 4 5 6 7 9 |  9.0
Axes           | 3 10 14 15 16 | 16.4
Invocations    | 2 4 5 7 9 |  9.0
Shields        | 3 4 |  4.0
Stealth        | |  1.5
Spellcasting   | |  1.3
Transmutations | |  0.7
Earth Magic    | |  2.4

Action                   |  1- 3 |  4- 6 |  7- 9 | 10-12 | 13-15 || total
-------------------------+-------+-------+-------+-------+-------++-------
Melee: Unarmed           |    69 |       |       |       |       ||    69
       Headbutt          |    10 |    36 |    80 |   149 |   123 ||   398
       Dagger            |    24 |     3 |       |       |       ||    27
       Hand axe          |       |   218 |   538 |   555 |       ||  1311
       Punch             |       |       |     1 |     6 |       ||     7
       Whip              |       |       |       |   118 |     2 ||   120
       War axe           |       |       |       |   180 |   621 ||   801
       Battleaxe         |       |       |       |    23 |       ||    23
Throw: Tomahawk          |     2 |       |     5 |       |       ||     7
       Stone             |     1 |       |       |       |     6 ||     7
 Cast: Sandblast         |    10 |     3 |       |       |       ||    13
Invok: Heroism           |       |       |    13 |    34 |    13 ||    60
       Finesse           |       |       |       |     1 |     3 ||     4
Evoke: Wand              |       |       |       |    20 |     9 ||    29
  Use: Potion            |       |     7 |       |     8 |     1 ||    16
       Scroll            |       |       |    15 |     7 |     3 ||    25
 Stab: Sleeping          |     2 |       |       |       |       ||     2
       Confused          |       |       |       |       |     2 ||     2
  Eat: Chunk             |     2 |     8 |    11 |    22 |    12 ||    55
       Ration            |       |       |     1 |     1 |       ||     2
Armor: Robe              |    29 |     6 |       |       |       ||    35
       Plate armour      |       |   180 |   489 |   414 |   275 ||  1358
       Skin              |       |       |       |    68 |     5 ||    73
Dodge: Dodged            |    74 |    66 |   217 |   443 |   374 ||  1174
Block: Other             |       |       |    71 |   140 |       ||   211
       Reflection        |       |       |     1 |     3 |     2 ||     6
       Buckler           |       |       |       |    41 |   288 ||   329

Table legend:
 A = Spawn XP
 B = Non-spawn XP
 C = Spawn XP percentage of total XP
 D = Spawn monster count
 E = Non-spawn monster count
 F = Spawn count percentage of total count
 G = Total turns spent on level
                    A         B        C        D         E        F      G
               +---------+---------+-------+---------+---------+-------+---------
         Total |       0 |   74401 |   0.0 |       0 |     551 |   0.0 | 19182
               +---------+---------+-------+---------+---------+-------+---------
           D:1 |       0 |      50 |   0.0 |       0 |      25 |   0.0 |  1139
           D:2 |       0 |      78 |   0.0 |       0 |      24 |   0.0 |   861
           D:3 |       0 |     227 |   0.0 |       0 |      32 |   0.0 |  1033
           D:4 |       0 |     428 |   0.0 |       0 |      22 |   0.0 |   822
           D:5 |       0 |     457 |   0.0 |       0 |      15 |   0.0 |   879
           D:6 |       0 |     905 |   0.0 |       0 |      23 |   0.0 |   765
           D:7 |       0 |     737 |   0.0 |       0 |      17 |   0.0 |   716
           D:8 |       0 |    1236 |   0.0 |       0 |      20 |   0.0 |   812
           D:9 |       0 |    2679 |   0.0 |       0 |      17 |   0.0 |  1249
          D:10 |       0 |    2046 |   0.0 |       0 |      34 |   0.0 |  1262
          D:11 |       0 |    1175 |   0.0 |       0 |      12 |   0.0 |   106
        Lair:1 |       0 |    4312 |   0.0 |       0 |      35 |   0.0 |  1546
        Lair:2 |       0 |    4433 |   0.0 |       0 |      15 |   0.0 |  1487
        Lair:3 |       0 |    6301 |   0.0 |       0 |      24 |   0.0 |  1374
        Lair:4 |       0 |    6227 |   0.0 |       0 |      26 |   0.0 |  1223
        Lair:5 |       0 |   12216 |   0.0 |       0 |      41 |   0.0 |  1805
        Lair:6 |       0 |   30644 |   0.0 |       0 |     157 |   0.0 |  1613
       Ossuary |       0 |     250 |   0.0 |       0 |      12 |   0.0 |   230
               +---------+---------+-------+---------+---------+-------+---------
